 Dungeon Crawl Stone Soup version 0.31-a0-931-g7b59d4eb97 (webtiles) character file.

Game seed: 12362344235141631

1378 Persephone the Ruffian (level 8, -4/78 HPs)
             Began as a Troll Shapeshifter on Oct 19, 2023.
             Was an Initiate of the Shining One.
             Slain by a sleepcap (16 damage)
             ... on level 6 of the Dungeon.
             The game lasted 00:07:39 (3926 turns).

Persephone the Ruffian (Troll Shapeshifter)         Turns: 3926, Time: 00:07:40

Health: -4/78      AC:  4    Str: 31    XL:     8   Next: 39%
Magic:  7/7        EV:  1    Int:  6    God:    the Shining One [......]
Gold:   240        SH:  0    Dex:  9    Spells: 7/7 levels left

rFire   + .          .
                       - Unarmed
rCold   . . .        (no shield)
rNeg    . . .        a - +0 animal skin
rPois   .            (helmet currently unavailable)
rElec   .            (cloak currently unavailable)
rCorr   .            (gloves unavailable)
SInv    .            (boots unavailable)
Will    .....        (no amulet)
Stlth   +            h - +6 ring of strength
HPRegen 1.13/turn    f - ring of protection from fire
MPRegen 0.10/turn

%: no passive effects
@: beast-form, sleeping, glowing
A: beast (slay +3), large, unfitting armour, claws 3, regeneration 1, shaggy fur
1, tough skin 1
a: Begin Untransformation, Renounce Religion


You were on level 6 of the Dungeon.
You worshipped the Shining One.
The Shining One was noncommittal.
You were a hulking beast.
You visited 2 branches of the dungeon, and saw 7 of its levels.

You collected 240 gold pieces.

Inventory:

Armour
 a - a +0 animal skin (worn)
 n - a +0 buckler
Jewellery
 f - a ring of protection from fire (right claw)
 h - a +6 ring of strength (left claw)
 k - an amulet of guardian spirit
 o - a ring of poison resistance
Talismans
 c - a beast talisman (active)
 d - a flux talisman
Wands
 i - a wand of flame (19)
 l - a wand of charming (14)
 p - a wand of mindburst (10)
Scrolls
 e - a scroll of teleportation {unknown}
 m - a scroll of vulnerability {unknown}
Potions
 b - a potion of lignification
 g - a potion of enlightenment


   Skills:
 + Level 4.2 Fighting
 - Level 1.5 Dodging
 * Level 7.9 Unarmed Combat
 + Level 5.5 Shapeshifting


You had 7 spell levels left.
You didn't know any spells.
Your spell library contained the following spells:

 Spells                   Type           Power      Damage    Failure   Level
 Shock                    Conj/Air       0%         1d3       45%         1
 Ensorcelled Hibernation  Hex/Ice        0%         N/A       58%         2
 Jinxbite                 Hex            0%         N/A       58%         2
 Swiftness                Air            0%         N/A       83%         3
 Airstrike                Air            0%         2d(0-16)  99%         4
 Anguish                  Hex/Necr       0%         N/A       99%         4
 Passage of Golubria      Tloc           0%         N/A       99%         4
 Agony                    Necr           0%         N/A       100%        5
 Silence                  Hex/Air        0%         N/A       100%        5
 Lehudib's Crystal Spear  Conj/Erth      0%         10d2      100%        8
 Death's Door             Necr           0%         N/A       100%        9


Dungeon Overview and Level Annotations

Branches:
Dungeon (6/15)             Temple (1/1) D:5

Altars:
Ashenzari
Cheibriados
Elyvilon
Fedhas
Gozag
Kikubaaqudgha
Nemelex Xobeh
Qazlal
Ru
Sif Muna
Trog
Vehumet
Xom
Yredelemnul
Zin
The Shining One

Shops:
D:3 :   D:4 =


Innate Abilities, Weirdness & Mutations

You are a hulking beast.
Your limbs bulge with bestial killing power. (Slay +3)
You are too large for most types of armour.
You have claws for hands.
Your natural rate of healing is unusually fast.
You are covered in fur. (AC +1)
You have tough skin. (AC +1)


Message History

Unknown command.
You are confused.
You feel invigorated. Something hits you but does no damage.
The sleepcap releases spores at you.
You are engulfed in a cloud of soporific spores!
You fall asleep.
Something hits you.
You wake up.
The sleepcap releases spores at you!
* * * LOW HITPOINT WARNING * * *
You are engulfed in a cloud of soporific spores!
You are unaffected.
Something hits you.
* * * LOW HITPOINT WARNING * * *
The sleepcap releases spores at you!
* * * LOW HITPOINT WARNING * * *
You completely miss something. Something hits you.
* * * LOW HITPOINT WARNING * * *
The sleepcap releases spores at you.
* * * LOW HITPOINT WARNING * * *
You barely miss the sleepcap.
You feel less invigorated.
You feel less confused.
You scratch the sleepcap.
The sleepcap is lightly damaged.
Something hits you.
* * * LOW HITPOINT WARNING * * *
The sleepcap barely misses you.
You claw the sleepcap!
The sleepcap is severely damaged.
Something hits you.
* * * LOW HITPOINT WARNING * * *
The sleepcap closely misses you.
You scratch the sleepcap.
The sleepcap is almost destroyed.
You hear some strange, mumbled words.
A puff of flame appears from out of thin air!
The puff of flame misses you. The sleepcap releases spores at you.
* * * LOW HITPOINT WARNING * * *
You are engulfed in a cloud of soporific spores!
You fall asleep.
Something hits you but does no damage. The sleepcap releases spores at you!
You die...

...# #.......#.#
.... #
##....#.##.# #.(
#.#....... #.#
###........###.#
##(...#.........#
#.....#.....###.#
......##....†...#
.......#....###.#
#......hf..## #.#
#.......{).# #.#
####...#)..# #.#
#####...# #.#
##..# #.# #..#
#.# #..# #.# #..#
#.# ...# #.#


You could see a sleepcap.

Vanquished Creatures
  Sigmund (D:5)
  Edmund (Temple)
  Menkaure (D:5)
  2 ice beasts
  A black bear (D:5)
  A bullfrog (D:6)
  A scorpion (D:5)
  4 wights (D:4)
  2 orc priests (D:4)
  2 hounds
  2 orc wizards (D:6)
  An iguana (D:5)
  5 adders
  A shadow imp (D:5)
  2 worms (D:3)
  5 dart slugs
  17 orcs
  7 ball pythons
  5 endoplasms
  3 giant cockroaches
  11 hobgoblins
  9 jackals
  5 quokkas
  6 bats
  3 frilled lizards
  5 goblins
  6 kobolds
  11 rats
120 creatures vanquished.

Notes
Turn   | Place    | Note
-------+----------+-------------------------------------------
     0 | D:1      | Persephone the Troll Shapeshifter began the quest for the
                  | Orb.
     0 | D:1      | Reached XP level 1. HP: 18/18 MP: 0/0
   190 | D:1      | Found a faded altar of an unknown god.
   229 | D:1      | Reached skill level 1 in Fighting
   251 | D:1      | Reached XP level 2. HP: 19/27 MP: 1/1
   774 | D:2      | Reached XP level 3. HP: 33/33 MP: 2/2
  1153 | D:3      | Identified the "Rieteots"
  1327 | D:3      | Found Zoxaapaz's Book Emporium.
  1339 | D:3      | Reached skill level 4 in Unarmed Combat
  1444 | D:3      | Reached XP level 4. HP: 41/41 MP: 3/3
  1447 | D:3      | Found a snail-covered altar of Cheibriados.
  2111 | D:4      | Reached XP level 5. HP: 35/49 MP: 4/4
  2113 | D:4      | Reached skill level 5 in Unarmed Combat
  2117 | D:4      | Reached XP level 6. HP: 24/59 MP: 5/5
  2310 | D:4      | Found Mallymni's Jewellery Shop.
  2509 | D:4      | Found a basalt altar of Yredelemnul.
  2948 | D:5      | Entered Level 5 of the Dungeon
  3031 | D:5      | Noticed Menkaure
  3039 | D:5      | Killed Menkaure
  3040 | D:5      | Reached skill level 6 in Unarmed Combat
  3040 | D:5      | Reached XP level 7. HP: 34/67 MP: 6/6
  3124 | D:5      | Found a staircase to the Ecumenical Temple.
  3153 | Temple   | Entered the Ecumenical Temple
  3196 | Temple   | Became a worshipper of the Shining One
  3267 | D:5      | Noticed Edmund
  3268 | D:5      | Noticed Sigmund
  3357 | Temple   | Killed Edmund
  3409 | D:5      | Killed Sigmund
  3410 | D:5      | Reached skill level 5 in Shapeshifting
  3452 | D:5      | Reached skill level 7 in Unarmed Combat
  3597 | D:5      | Reached XP level 8. HP: 76/78 MP: 7/7
  3926 | D:6      | Slain by a sleepcap

Illustrated notes

Levels and vault maps discovered:
D:1:      dpeg_arrival_brainrot, layout_basic, basic_ecumenical_altar
D:2:      layout_rooms
D:3:      layout_loops_corners, mainiacjoe_overflow_six_doors_small,
          serial_shops, nicolae_shop_stone
D:4:      layout_gridville, mainiacjoe_overflow_alcove_2, serial_shops,
          nicolae_shop_pleasant_corner_grove, minmay_splitting_lines
D:5:      layout_loops_ring, minmay_temple_entry_mini_moons, uniq_menkaure,
          uniq_edmund, uniq_sigmund
D:6:      minmay_flawed_box, layout_loops_ring, minmay_mini_ossuary
Temple:   eino_temple_water

Skill      XL: |  1  2  3  4  5  6  7  8 |
---------------+-------------------------+-----
Fighting       | 1 2 3 4 |  4.2
Unarmed Combat | 4 5 6 7 |  7.9
Shapeshifting  | 4 5 |  5.5
Dodging        | |  1.5

Action                     |  1- 3 |  4- 6 |  7- 9 || total
---------------------------+-------+-------+-------++-------
  Melee: Unarmed           |   111 |    79 |    79 ||   269
         Punch             |     2 |     3 |     3 ||     8
    Use: Scroll            |       |     5 |     1 ||     6
         Potion            |       |       |     2 ||     2
 Armour: Animal skin       |    74 |    47 |    90 ||   211
  Dodge: Dodged            |    46 |    22 |    28 ||    96

Table legend: (Time is in decaauts)
 A = Elapsed time spent in this place.
 B = Non-inter-level travel time spent in this place.
 C = Inter-level travel time spent in this place.
 D = Time resting spent in this place.
 E = Time spent auto-exploring this place.
 F = Levels seen in this place.
 G = Mean time per level.
                   A        B        C        D        E       F      G
               +--------+--------+--------+--------+--------+-----+--------+
         Total |   3883 |   3708 |    175 |      0 |   2987 |   7 |  554.7 |
       Dungeon |   3763 |   3600 |    163 |      0 |   2925 |   6 |  627.2 |
        Temple |    119 |    107 |     12 |      0 |     62 |   1 |  119.0 |
               +--------+--------+--------+--------+--------+-----+--------+

Top non-repeatable levels by time:
     D:4: 969 daAuts
     D:3: 816 daAuts
     D:5: 779 daAuts
     D:1: 769 daAuts
     D:2: 376 daAuts
  Temple: 119 daAuts
     D:6: 52 daAuts
